 Dungeon Crawl Stone Soup version 0.31-b1-17-gcfd88c8481 (webtiles) character file.

Game seed: 16848700037540566189

21 Aldia the Covered (level 2, 0/25 HPs)
             Began as an Armataur Fighter on Jan 15, 2024.
             Slain by a black bear (6 damage)
             ... on level 2 of the Dungeon.
             The game lasted 00:01:08 (701 turns).

Aldia the Covered (Armataur Fighter)                 Turns: 701, Time: 00:01:08

Health: 0/25       AC:  8    Str: 27    XL:     2   Next: 65%
Magic:  2/2        EV:  7    Int:  8    God:
Gold:   83         SH:  9    Dex:  9    Spells: 1/1 levels left

rFire   . . .        a - +1 flail
rCold   . . .        c - +0 buckler
rNeg    . . .        b - +0 scale mail
rPois   .            (no helmet)
rElec   .            (no cloak)
rCorr   .            h - +0 pair of gloves
SInv    .            (no barding)
Will    .....        k - amulet of reflection Stlth
                     l - +6 ring of strength
HPRegen 0.24/turn    (no ring)
MPRegen 0.08/turn

%: reflection, roll
@: no status effects
A: large, deformed body, tough skin 3, armoured tail, roll 1
a: no special abilities


You were on level 2 of the Dungeon.
You visited 1 branch of the dungeon, and saw 2 of its levels.

You collected 83 gold pieces.

Inventory:

Hand Weapons
 a - a +1 flail (weapon)
Armour
 b - a +0 scale mail (worn)
 c - a +0 buckler (worn)
 h - a +0 pair of gloves (worn)
Jewellery
 k - an amulet of reflection (around neck)
 l - a +6 ring of strength (left hand)
Scrolls
 g - a scroll of enchant weapon
 i - a scroll of immolation {unknown}
 m - a scroll of teleportation
Potions
 d - 2 potions of might
 j - a potion of mutation


   Skills:
 + Level 2.9 Fighting
 * Level 2.4 Maces & Flails
 + Level 4.0 Armour
 - Level 3.2 Shields


You had one spell level left.
You didn't know any spells.
Your spell library contained the following spells:

 Spells                   Type           Power      Damage    Failure   Level
 Magic Dart               Conj           0%         1d3       75%         1
 Sting                    Conj/Alch      0%         1d3       75%         1
 Blink                    Tloc           0%         N/A       86%         2
 Call Imp                 Summ           0%         N/A       86%         2
 Mercury Vapours          Alch/Air       0%         N/A       86%         2
 Inner Flame              Hex/Fire       0%         N/A       98%         3
 Olgreb's Toxic Radiance  Alch           0%         N/A       100%        4
 Irradiate                Conj/Alch      0%         3d11      100%        5
 Ignition                 Fire           0%         3d3       100%        8


Dungeon Overview and Level Annotations

Branches:
Dungeon (2/15)

Altars:


Innate Abilities, Weirdness & Mutations

Armour fits poorly on your strangely shaped body.
You have extremely tough skin. (AC +3)
You have a long armoured tail.
You regenerate magic when rolling toward enemies. (Rampage MPRegen)


Message History

A bat is nearby!
You closely miss the bat. The bat hits you but does no damage.
You hit the bat.
You kill the bat!
No target in view!
No target in view!
An adder comes into view.
The adder hisses angrily.
You sock the adder!
You kill the adder!
Your Armour skill increases to level 4!
No target in view!
No target in view!
You see here an adder corpse.
A black bear comes into view.
Found 5 gold pieces.
The black bear growls angrily.
You hear a loud squeak.
You thump the black bear! You tail-slap the black bear.
The black bear is heavily wounded.
The black bear barely misses you. The black bear claws you.
The black bear claws you but does no damage.
You hit the black bear.
The black bear is severely wounded.
The black bear bites you. The black bear claws you.
The black bear barely misses you.
You barely miss the black bear.
The black bear is severely wounded.
The black bear goes berserk!
The black bear bites you!
* * * LOW HITPOINT WARNING * * *
You block the black bear's attack. x2
You are too injured to fight recklessly!
You are too injured to fight recklessly!
You are too injured to fight recklessly!
You sock the black bear!
The black bear is almost dead.
The black bear barely misses you. You block the black bear's attack. x2
The black bear bites you.
* * * LOW HITPOINT WARNING * * *
The black bear claws you.
You die...

#.# ##.# #######..#
#........# #..#####.#
####..# #.#######.#
#.....### #†........#
##>.........##.#.#####
..†..#.####.##.#@#
.....#.# #. #.#.h....#
##...#.# #. #.######$#
#>#.#.# #. ... #.#.#..
.. ..# #.#.### ## ###
#.#.# #.#


You could see a black bear (berserk).

Vanquished Creatures
  An adder (D:2)
  A ribbon worm (D:2)
  2 bats
  2 giant cockroaches (D:1)
  2 goblins (D:1)
  2 ball pythons (D:1)
  A rat (D:1)
11 creatures vanquished.

Notes
Turn   | Place    | Note
-------+----------+-------------------------------------------
     0 | D:1      | Aldia the Armataur Fighter began the quest for the Orb.
     0 | D:1      | Reached XP level 1. HP: 18/18 MP: 1/1
   385 | D:1      | Reached XP level 2. HP: 25/25 MP: 2/2
   692 | D:2      | Reached skill level 4 in Armour
   697 | D:2      | Noticed a black bear
   701 | D:2      | Slain by a black bear

Illustrated notes

Levels and vault maps discovered:
D:1:      wander_arrival_estate, layout_loops_ring, serial_park_tiny_2
D:2:      layout_loops_ring

Skill      XL: |  1  2 |
---------------+-------+-----
Maces & Flails | 2 |  2.4
Armour         | 4 |  4.0
Fighting       | |  2.9
Shields        | |  3.2

Action                     || total
---------------------------++-------
  Melee: Flail             ||    25
         Tailslap          ||     2
    Use: Scroll            ||     4
 Armour: Scale mail        ||    17
  Dodge: Dodged            ||     9
  Block: Buckler           ||     9
